 Dungeon Crawl Stone Soup version 0.18.1-50-g88ac8fd (webtiles) character file.

10402 Krapule the Fighter (level 11, -2/78 HPs)
             Began as a Demonspawn Chaos Knight on Oct 25, 2016.
             Slain by an ice devil (4 damage)
             ... in an ice cave.
             The game lasted 00:58:03 (9514 turns).

Krapule the Fighter (Demonspawn Chaos Knight)       Turns: 9514, Time: 00:58:03

Health: -2/78      AC: 14    Str: 15    XL:     11   Next: 35%
Magic:  15/15      EV: 16    Int: 16    God:    Xom [..*...]
Gold:   649        SH:  0    Dex: 17    Spells: 2 memorised, 12 levels left

rFire  . . .     SeeInvis .       - Unarmed
rCold  + . .     Gourm    .     O - +0 troll leather armour
rNeg   . . .     Faith    .     (no shield)
rPois  .         Spirit   .     (no helmet)
rElec  +         Dismiss  .     t - +0 cloak
rCorr  .         Reflect  .     (no gloves)
SustAt .         Harm     .     (no boots)
MR     +....     Clarity  +     (no amulet)
Stlth  +.........               G - ring of protection from cold
                                d - +5 ring of protection

@: somewhat resistant to hostile enchantments, very unstealthy
A: claws 2, icy blue scales 2, agile 1, clarity, clever 1, frail 1, magic
resistance 1, powered by death 2, electricity resistance, strong 1
a: Renounce Religion


You were in an ice cave.
You worshipped Xom.
You were a toy of Xom.
You were very hungry.

You visited 2 branches of the dungeon, and saw 12 of its levels.
You also visited: Ice Cave.

You collected 649 gold pieces.

Inventory:

Hand Weapons
 S - the +5 spear "Ultimatum" {freeze, Int+3, unknown}
   (You found it on level 9 of the Dungeon)

   It has been specially enchanted to freeze those struck by it, causing extra
   injury to most foes and up to half again as much damage against particularly
   susceptible opponents.
   It can also slow down cold-blooded creatures.
   It affects your intelligence (+3).
Missiles
 E - 3 poisoned tomahawks (quivered)
Armour
 a - a +2 leather armour
 t - a +0 cloak (worn)
 B - a +0 buckler
 M - the +1 ring mail "Uriplof" {Str-4 Int+5 Slay+2 SInv}
   (You found it on level 7 of the Dungeon)

   It affects your strength (-4).
   It affects your intelligence (+5).
   It affects your accuracy and damage with ranged weapons and melee attacks
   (+2).
   It lets you see invisible.
 O - a +0 troll leather armour (worn)
Jewellery
 d - a +5 ring of protection (left claw)
 e - a +2 ring of dexterity
 u - a +3 ring of protection
 y - an uncursed ring of see invisible
 D - an uncursed ring of wizardry
 G - a ring of protection from cold (right claw)
 J - an uncursed ring of ice
 X - a cursed ring of wizardry
Wands
 m - a wand of acid (1/15)
 F - a wand of disintegration (0/24)
 I - a wand of lightning (9/15)
 V - a wand of slowing (11/48)
Scrolls
 c - 2 scrolls of noise
 h - 3 scrolls of immolation
 k - 3 scrolls of teleportation
 l - 2 scrolls of enchant weapon
 s - 2 scrolls of remove curse
 v - 4 scrolls of enchant armour
 A - a scroll of fog
 C - a scroll of random uselessness
 K - a scroll of magic mapping
 L - 3 scrolls of recharging {unknown}
 R - a scroll of torment {unknown}
 W - a scroll of summoning {unknown}
Potions
 j - 5 potions of mutation
 o - 3 potions of magic
 p - 11 potions of curing
 q - 2 potions of cancellation
 w - 3 potions of invisibility
 x - 3 potions of brilliance
 z - a potion of berserk rage
 H - a potion of lignification
 N - a potion of flight
 P - a potion of haste
 T - a potion of might {unknown}
 Y - 2 potions of beneficial mutation {unknown}
Books
 g - a book of the Tempests

   Spells                             Type                      Level
   a - Static Discharge               Conjuration/Air              3
   b - Lightning Bolt                 Conjuration/Air              5
   c - Fireball                       Conjuration/Fire             5
   d - Tornado                        Air                          9
   e - Shatter                        Earth                        9
 Q - a book of Necromancy

   Spells                             Type                      Level
   a - Pain                           Necromancy                   1
   b - Animate Skeleton               Necromancy                   1
   c - Vampiric Draining              Necromancy                   3
   d - Regeneration                   Charms/Necromancy            3
   e - Animate Dead                   Necromancy                   4
   f - Control Undead                 Necromancy                   4
Comestibles
 b - 13 bread rations
 f - 4 meat rations
 i - a royal jelly
 n - 3 slices of pizza
 r - 8 fruits
 U - 2 beef jerkies


   Skills:
 + Level 8.8 Fighting
 - Level 8.0 Armour
 + Level 8.1 Dodging
 + Level 8.2 Unarmed Combat
 + Level 3.1 Spellcasting
 + Level 5.3 Necromancy


You had 12 spell levels left.
You knew the following spells:

 Your Spells              Type           Power        Failure   Level  Hunger
a - Pain                  Necr           ###.         2%          1    None
b - Regeneration          Chrm/Necr      ##........   28%         3    ###....


Dungeon Overview and Level Annotations

Branches:
Dungeon (10/15)            Temple (0/1) D:4            Lair (2/8) D:9
    Orc: D:9-12

Altars:
Ashenzari
Cheibriados
Dithmenos
Fedhas
Gozag
Kikubaaqudgha
Nemelex Xobeh
Okawaru
Pakellas
Sif Muna
Vehumet
Xom
Yredelemnul
Zin
The Shining One

Annotations:
Lair:1 exclusion: oklob plant


Innate Abilities, Weirdness & Mutations

You have very sharp fingernails.
You are mostly covered in icy blue scales (AC +3, EV -1).
You regenerate health from kills.
You are agile. (Dex +2)
You possess an exceptional clarity of mind.
Your mind is acute. (Int +2)
You are frail (-10% HP).
You are resistant to hostile enchantments.
You are resistant to electric shocks.
Your muscles are strong. (Str +2)


Message History

The ice devil is severely wounded.
The ice devil hits you but does no damage.
You scratch the ice devil but do no damage.
The ice devil is severely wounded.
The ice devil closely misses you. The ice devil completely misses you.
You claw the ice devil!
The ice devil is almost dead.
Xom smirks.
You detect items!
The ice devil misses you.
You barely miss the ice devil.
The ice devil is almost dead.
The ice devil hits you.
* * * LOW HITPOINT WARNING * * *
The ice devil freezes you! You resist.
* * * LOW HITPOINT WARNING * * *
The ice devil hits you!
* * * LOW HITPOINT WARNING * * *
The ice devil freezes you. You resist.
You die...
Xom titters!

##...#
##...#
#...##
##...##
##.....##
#...∩...#
#...∩...#
##.44..##
##@..##
#####


You could see 2 ice devils.

Vanquished Creatures
  An unseen horror (D:10)
  6 torpor snails (Lair:1)
  A spiny frog (Lair:1)
  3 komodo dragons
  A troll (D:8)
  Grinder (D:4)
  Prince Ribbit (D:6)
  A shadow (D:10)
  2 basilisks (Lair:1)
  A hippogriff (Lair:1)
  Menkaure (D:4)
  2 water moccasins
  Duvessa (D:7)
  A porcupine (Lair:1)
  An orc warrior (D:7)
  4 sky beasts
  A swamp drake (D:7)
  11 ice beasts
  A phantom (D:7)
  2 black bears
  2 ogres
  4 centaurs
  A big kobold (Lair:1)
  2 crocodiles (Lair:1)
  Blork the orc (D:6)
  8 giant frogs
  A wyvern skeleton (D:8)
  A scorpion (D:5)
  Dowan (D:7)
  6 wights
  5 crimson imps
  4 centaur zombies
  A quasit (D:7)
  3 centaur skeletons
  3 jellies
  4 giant frog skeletons
  3 orc priests
  4 hounds
  6 iguanas
  4 orc wizards
  Natasha (thrice) (D:2)
  5 worker ants
  A hound skeleton (D:9)
  A worker ant zombie (D:5)
  A howler monkey zombie (D:7)
  8 gnolls (D:3)
  14 adders
  19 river rats
  A shadow imp (D:9)
  2 adder skeletons
  An adder zombie (D:6)
  4 worms
  2 dart slugs (D:2)
  5 giant geckos
  20 orcs
  6 bats
  5 giant cockroaches
  7 goblins
  7 hobgoblins
  9 jackals
  11 kobolds
  4 quokkas
  A giant gecko zombie (D:8)
  6 giant newts
  A quokka skeleton (D:9)
  A quokka zombie (D:8)
  6 rats
258 creatures vanquished.

Vanquished Creatures (collateral kills)
  A crimson imp (D:6)
1 creature vanquished.

Vanquished Creatures (others)
  A water moccasin (D:10)
1 creature vanquished.

Grand Total: 260 creatures vanquished

Notes
Turn   | Place    | Note
--------------------------------------------------------------
     0 | D:1      | Krapule the Demonspawn Chaos Knight began the quest for the Orb.
     0 | D:1      | Reached XP level 1. HP: 18/18 MP: 1/1
    88 | D:1      | Reached skill level 1 in Dodging
   191 | D:1      | Gained mutation: You regenerate a little health from kills. [demonic ancestry]
   191 | D:1      | Reached XP level 2. HP: 19/24 MP: 2/2
   710 | D:1      | XOM: harmless Summ miscast
   794 | D:1      | XOM: divination: detect creatures
   860 | D:2      | Gained mutation: You regenerate health from kills. [demonic ancestry]
   860 | D:2      | Reached XP level 3. HP: 29/29 MP: 3/3
   883 | D:2      | Noticed Natasha
   900 | D:2      | XOM: noise
   902 | D:2      | Killed Natasha
   910 | D:2      | XOM: noise
   973 | D:2      | XOM: divination: magic mapping
  1060 | D:2      | XOM: divination: magic mapping
  1074 | D:2      | XOM: harmless Trmt miscast
  1075 | D:2      | XOM: mild Chrm miscast
  1081 | D:2      | Gained mutation: You have sharp fingernails. [demonic ancestry]
  1081 | D:2      | Reached XP level 4. HP: 33/36 MP: 4/4
  1461 | D:2      | Noticed Natasha
  1473 | D:2      | Killed Natasha
  1477 | D:2      | XOM: colour smoke trail
  1599 | D:2      | Noticed Natasha
  1605 | D:2      | Killed Natasha
  1605 | D:2      | Gained mutation: You have very sharp fingernails. [demonic ancestry]
  1605 | D:2      | Reached XP level 5. HP: 42/42 MP: 5/5
  1713 | D:2      | XOM: harmless Erth miscast
  1888 | D:2      | XOM: cast spell 'Dragon Form'
  1889 | D:2      | XOM: give mutation
  1889 | D:2      | Gained mutation: Your spells are a little harder to cast, but a little more powerful. [Xom's grace]
  1909 | D:3      | Found a shadowy altar of Dithmenos.
  1985 | D:3      | Noticed a centaur
  1987 | D:3      | XOM: butterfly on damage
  1990 | D:3      | XOM: confuse monster(s)
  1995 | D:3      | XOM: scenery: create altars
  1996 | D:3      | Killed a centaur
  1996 | D:3      | Reached XP level 6. HP: 33/48 MP: 6/6
  2015 | D:3      | XOM: divination: magic mapping
  2235 | D:3      | XOM: silly message
  2312 | D:3      | XOM: harmless Chrm miscast
  2318 | D:3      | Found a blossoming altar of Fedhas.
  2541 | D:3      | XOM: harmless Divn miscast
  2770 | D:3      | XOM: harmless Summ miscast
  2868 | D:4      | Noticed Menkaure
  2870 | D:4      | XOM: potion effect (berserk rage)
  2875 | D:4      | Reached XP level 7. HP: 55/55 MP: 7/7
  2878 | D:4      | Killed Menkaure
  2888 | D:4      | XOM: summons friendly crimson imp
  3091 | D:4      | Reached skill level 5 in Fighting
  3179 | D:4      | Noticed Grinder
  3181 | D:4      | Paralysed by Grinder for 3 turns
  3191 | D:4      | Paralysed by Grinder for 3 turns
  3196 | D:4      | Killed Grinder
  3196 | D:4      | Reached skill level 5 in Unarmed Combat
  3336 | D:4      | Found a staircase to the Ecumenical Temple.
  3461 | D:4      | XOM is BORED!
  3461 | D:4      | XOM: mild Chrm miscast
  3536 | D:5      | Entered Level 5 of the Dungeon
  3549 | D:5      | Found a shattered altar of Ashenzari.
  3549 | D:5      | XOM: 1-stop teleportation journey
  3555 | D:5      | Reached XP level 8. HP: 63/63 MP: 8/8
  3580 | D:5      | XOM: summons 5 hostile shadow creatures
  3594 | D:5      | XOM: chaos cloud
  3597 | D:5      | Paralysed by you for 6 turns
  3630 | D:5      | XOM: summons 3 hostile shadow creatures
  3647 | D:5      | Gained mutation: You are frail (-10% HP). [mutagenic glow]
  3687 | D:5      | XOM: confusion (+ monsters)
  3722 | D:5      | Reached skill level 1 in Spellcasting
  3852 | D:5      | Found an ancient bone altar of Kikubaaqudgha.
  4127 | D:5      | Found a sparkling altar of Nemelex Xobeh.
  4231 | D:6      | Found a deep blue altar of Sif Muna.
  4240 | D:6      | Noticed Prince Ribbit
  4249 | D:6      | XOM: snakes to sticks
  4252 | D:6      | XOM: repel stairs
  4276 | D:6      | Killed Prince Ribbit
  4276 | D:6      | Reached skill level 5 in Armour
  4287 | D:6      | Found an oddly glowing altar of Pakellas.
  4309 | D:6      | Noticed Blork the orc
  4316 | D:6      | Killed Blork the orc
  4416 | D:6      | XOM: give mutations
  4416 | D:6      | Gained mutation: Scrolls take you a little longer to read. [Xom's mischief]
  4416 | D:6      | Gained mutation: You possess an exceptional clarity of mind. [Xom's mischief]
  4416 | D:6      | Gained mutation: Your muscles are strong. (Str +2) [Xom's mischief]
  4440 | D:6      | XOM: 7-stop teleportation journey
  4632 | D:6      | XOM: scenery: create altars
  4665 | D:6      | XOM: polymorph adder -> jelly
  4667 | D:6      | XOM: enchant monster (good)
  4708 | D:6      | Reached skill level 5 in Dodging
  4858 | D:6      | Reached XP level 9. HP: 52/62 MP: 13/13
  4914 | D:6      | XOM: give mutation
  4914 | D:6      | Gained mutation: You are resistant to hostile enchantments. [Xom's grace]
  5046 | D:6      | XOM: noise
  5068 | D:6      | Found an opulent altar of Gozag.
  5088 | D:6      | Found a glowing golden altar of the Shining One.
  5123 | D:6      | Found an iron altar of Okawaru.
  5349 | D:7      | XOM: harmless Erth miscast
  5415 | D:7      | XOM: cast spell 'Ice Form'
  5453 | D:7      | Got a warped ring mail
  5477 | D:7      | Identified the +1 ring mail "Uriplof" {Str-4 Int+5 Slay+2 SInv} (You found it on level 7 of the Dungeon)
  5577 | D:7      | Noticed Duvessa
  5578 | D:7      | XOM: 4-stop teleportation journey
  5792 | D:7      | Noticed Dowan
  5800 | D:7      | Killed Dowan
  5812 | D:7      | Killed Duvessa
  6103 | D:7      | XOM: give mutations
  6103 | D:7      | Lost mutation: Your spells are a little harder to cast, but a little more powerful. [Xom's mischief]
  6103 | D:7      | Lost mutation: Scrolls take you a little longer to read. [Xom's mischief]
  6106 | D:7      | XOM: chaos cloud
  6110 | D:7      | Paralysed by you for 5 turns
  6121 | D:7      | Paralysed by you for 6 turns
  6222 | D:7      | XOM: vitrification
  6234 | D:7      | XOM: fake destruction
  6247 | D:7      | XOM: scenery: create altars
  6280 | D:7      | Found a basalt altar of Yredelemnul.
  6318 | D:8      | XOM: swap monsters
  6378 | D:8      | XOM: god gift: glowing steel ring {god gift}
  6619 | D:8      | XOM: divination: magic mapping
  6766 | D:8      | XOM: divination: detect items
  6783 | D:8      | Noticed a troll
  6791 | D:8      | Killed a troll
  6791 | D:8      | Gained mutation: You are partially covered in icy blue scales (AC +1). [demonic ancestry]
  6791 | D:8      | Reached XP level 10. HP: 38/71 MP: 14/14
  6846 | D:8      | XOM: divination: detect items
  6958 | D:9      | Found an iron altar of Okawaru.
  7021 | D:9      | Learned a level 1 spell: Pain
  7152 | D:9      | Found a glowing silver altar of Zin.
  7153 | D:9      | Noticed an angel
  7160 | D:9      | Found a shimmering altar of Xom.
  7161 | D:9      | Got a smoking spear
  7224 | D:9      | Reached skill level 1 in Necromancy
  7226 | D:9      | Found a staircase to the Lair.
  7381 | D:9      | Found a radiant altar of Vehumet.
  7416 | D:10     | Entered Level 10 of the Dungeon
  7582 | D:10     | XOM: harmless Conj miscast
  7622 | D:10     | Noticed an unseen horror
  7623 | D:10     | XOM: cast spell 'Summon Hydra'
  7643 | D:10     | Killed an unseen horror
  7802 | D:10     | XOM: give mutations
  7802 | D:10     | Gained mutation: You are agile. (Dex +2) [Xom's grace]
  7802 | D:10     | Gained mutation: You are resistant to electric shocks. [Xom's grace]
  7802 | D:10     | Gained mutation: Your mind is acute. (Int +2) [Xom's grace]
  7804 | D:10     | XOM: god gift: scroll of enchant armour
  7903 | D:10     | XOM: medium Fire miscast
  8080 | Lair:1   | Entered Level 1 of the Lair of Beasts
  8103 | Lair:1   | Noticed a spiny frog
  8121 | Lair:1   | Killed a spiny frog
  8246 | Lair:1   | Noticed a torpor snail
  8246 | Lair:1   | XOM: mild Air miscast
  8247 | Lair:1   | Noticed a torpor snail
  8248 | Lair:1   | Found a snail-covered altar of Cheibriados.
  8249 | Lair:1   | Noticed a torpor snail
  8267 | Lair:1   | XOM: divination: detect items
  8269 | Lair:1   | Killed a torpor snail
  8276 | Lair:1   | XOM: potion effect (berserk rage)
  8278 | Lair:1   | Killed a torpor snail
  8284 | Lair:1   | XOM: cast spell 'Shadow Creatures'
  8291 | Lair:1   | Killed a torpor snail
  8303 | Lair:1   | Noticed a torpor snail
  8322 | Lair:1   | Killed a torpor snail
  8333 | Lair:1   | Noticed a torpor snail
  8345 | Lair:1   | XOM: confuse monster(s)
  8355 | Lair:1   | Killed a torpor snail
  8378 | Lair:1   | Gained mutation: You are mostly covered in icy blue scales (AC +3, EV -1). [demonic ancestry]
  8378 | Lair:1   | Reached XP level 11. HP: 62/78 MP: 15/15
  8440 | Lair:1   | XOM: confuse monster(s)
  8510 | Lair:1   | XOM: silly message
  8573 | Lair:1   | XOM: silly message
  8646 | Lair:1   | XOM: polymorph giant frog -> big kobold
  8728 | Lair:1   | XOM: divination: detect items
  9266 | Lair:1   | Noticed an oklob plant
  9331 | Lair:2   | XOM: divination: detect items
  9333 | Lair:2   | Reached skill level 5 in Necromancy
  9369 | Lair:2   | Found a frozen archway.
  9400 | Lair:2   | XOM: potion effect (brilliance)
  9467 | IceCv    | Entered an ice cave
  9474 | IceCv    | Learned a level 3 spell: Regeneration
  9513 | IceCv    | XOM: divination: detect items
  9514 | IceCv    | HP: 2/78 [ice devil (10)]
  9514 | IceCv    | Slain by an ice devil

Skill      XL: |  1  2  3  4  5  6  7  8  9 10 11 |
---------------+----------------------------------+-----
Dodging        | 1 2 3 5 6 7 8 |  8.1
Armour         | 2 3 4 5 6 7 8 |  8.0
Unarmed Combat | 3 4 5 7 8 |  8.2
Fighting       | 4 5 6 7 8 |  8.8
Spellcasting   | 2 3 |  3.1
Necromancy     | 4 5 |  5.3

Action                   |  1- 3 |  4- 6 |  7- 9 | 10-12 || total
-------------------------+-------+-------+-------+-------++-------
Melee: Unarmed           |   159 |   252 |   451 |   471 ||  1333
       Punch             |     1 |     2 |    16 |    31 ||    50
Throw: Tomahawk          |       |       |    16 |     2 ||    18
 Cast: Pain              |       |       |       |     1 ||     1
Evoke: Wand              |       |       |     4 |     4 ||     8
  Use: Scroll            |       |       |    10 |    12 ||    22
 Stab: Sleeping          |     2 |       |     1 |     1 ||     4
       Confused          |       |     3 |     1 |     4 ||     8
       Invisible         |       |       |     4 |       ||     4
       Distracted        |       |       |     1 |       ||     1
       Paralysed         |       |       |     4 |       ||     4
  Eat: Chunk             |       |     7 |    12 |     9 ||    28
       Fruit             |       |       |     1 |       ||     1
       Beef jerky        |       |       |     1 |       ||     1
Armor: Leather armour    |    52 |    72 |   109 |       ||   233
       Skin              |       |     4 |       |       ||     4
       Ring mail         |       |       |    58 |    33 ||    91
       Troll leather arm |       |       |       |   111 ||   111
Dodge: Dodged            |    71 |   135 |   222 |   336 ||   764
